[Event "42nd Olympiad Baku 2016 Open"]
[Site "Baku"]
[Date "2016.09.03"]
[Round "2.7"]
[White "Tin, Jingyao"]
[Black "Indjic, Aleksandar"]
[Result "0-1"]
[ECO "E40"]
[WhiteElo "2439"]
[BlackElo "2548"]
[Annotator ""]
[PlyCount "102"]
[EventDate "2016.??.??"]
[EventCountry "AZE"]
[SourceTitle "playchess.com"]
[Source "ChessBase"]
[WhiteTeam "Singapore"]
[BlackTeam "Serbia"]
[WhiteTeamCountry "SIN"]
[BlackTeamCountry "SRB"]
[TimeControl "40/5400+30:1800+30"]

1. d4 {(00:00)} Nf6 {(01:53)} 2. c4 {(00:00)} e6 {(
00:22)} 3. Nc3 {(00:00)} Bb4 {(00:58)} 4. e3 {(00:45)} d5
{(00:16)} 5. Nf3 {(02:41)} O-O {(00:35)} 6. a3 {(
06:35)} Bxc3+ {(05:06)} 7. bxc3 {(00:08)} c5 {(00:26)} 8.
Qc2 {(11:06)} Qa5 {(11:24)} 9. Nd2 {(07:00)} cxd4 {
(06:26)} 10. cxd4 {(00:18)} Bd7 {(00:38)} 11. Bd3 {
(09:37)} dxc4 {(24:16)} 12. Bxc4 {(09:37)} Rc8 {(
01:09)} 13. Qd3 {(03:23)} Ba4 {(03:36)} 14. O-O {(02:21)}
Nbd7 {(00:16)} 15. Qe2 {(16:13)} Rc7 {(02:31)} 16. Bd3 {
(09:55)} Rac8 {(03:55)} 17. Nf3 {(02:26)} Bc2 {(01:
09)} 18. Bd2 {(01:01)} Qd5 {(01:34)} 19. Bb4 {(03:24)} a5
{(01:50)} 20. Be7 {(02:12)} Bxd3 {(06:06)} 21. Qxd3 {
(00:02)} Rc3 {(00:57)} 22. Qd1 {(04:36)} Ne4 {(01:
55)} 23. Rb1 {(03:30)} Re8 {(01:14)} 24. Bh4 {(01:57)}
Rxa3 {(00:51)} 25. Qc1 {(00:36)} Rc3 {(00:17)} 26. Qb2 {
(00:05)} b6 {(00:17)} 27. Ne5 {(03:19)} Nxe5 {(08:
05)} 28. dxe5 {(00:38)} Qxe5 {(08:32)} 29. f3 {(00:33)}
Nd6 {(01:34)} 30. Bg3 {(00:30)} Qxe3+ {(01:14)} 31. Bf2 {
(00:03)} Qe5 {(00:24)} 32. Rbc1 {(00:57)} Rec8 {(
01:20)} 33. Rxc3 {(00:30)} Qxc3 {(00:07)} 34. Qxb6 {(00:
08)} Nf5 {(01:48)} 35. Rd1 {(00:46)} h5 {(00:10)} 36. Qb7
{(00:37)} Ne3 {(01:08)} 37. Re1 {(00:30)} Nd5 {(00:
08)} 38. Qa7 {(00:29)} Qd2 {(00:22)} 39. h4 {(00:30)} Rc1
{(00:28)} 40. Qb8+ {(00:00)} Kh7 {(00:00)} 41. Qe5 {
(00:37)} Rc2 {(06:14)} 42. Rf1 {(04:27)} Nf4 {(03:
04)} 43. Kh2 {(01:10)} f6 {(00:46)} 44. Qe4+ {(04:02)} f5
{(00:27)} 45. Qa4 {(00:44)} Ra2 {(01:31)} 46. Qc4 {
(01:07)} a4 {(00:25)} 47. Rg1 {(05:26)} Nd5 {(05:
05)} 48. Bg3 {(00:28)} Qe2 {(00:40)} 49. Qxe2 {(02:48)}
Rxe2 {(00:09)} 50. Ra1 {(00:03)} f4 {(00:11)} 51. Be1 {
(00:22)} Ne3 {(00:05)} 0-1

[Event "42nd Olympiad Baku 2016 Open"]
[Site "Baku"]
[Date "2016.09.03"]
[Round "2.35"]
[White "Torre, Eugenio"]
[Black "Cubas, Jose Fernando"]
[Result "1-0"]
[ECO "D02"]
[WhiteElo "2447"]
[BlackElo "2470"]
[Annotator ""]
[PlyCount "69"]
[EventDate "2016.??.??"]
[EventCountry "AZE"]
[SourceTitle "playchess.com"]
[Source "ChessBase"]
[WhiteTeam "Philippines"]
[BlackTeam "Paraguay"]
[WhiteTeamCountry "PHI"]
[BlackTeamCountry "PAR"]
[TimeControl "40/5400+30:1800+30"]

1. d4 {(00:00)} d5 {(00:01)} 2. Nf3 {(00:00)} Nf6 {
(00:10)} 3. Bf4 {(00:01)} c5 {(02:50)} 4. e3 {(00:
12)} Nc6 {(00:28)} 5. dxc5 {(02:13)} g6 {(09:56)} 6. Bb5 {
(12:47)} Bg7 {(07:09)} 7. O-O {(02:02)} Ne4 {(28:
48)} 8. Ne5 {(11:43)} O-O {(03:51)} 9. Bxc6 {(09:21)} bxc6
{(00:12)} 10. Nxc6 {(00:09)} Qe8 {(14:42)} 11. Qxd5 {
(03:45)} Bb7 {(00:57)} 12. Qxe4 {(00:20)} Bxc6 {(
00:03)} 13. Qb4 {(00:25)} f5 {(04:11)} 14. Nc3 {(09:41)}
e5 {(02:51)} 15. Bg3 {(01:12)} g5 {(09:05)} 16. f3 {
(02:40)} f4 {(03:39)} 17. Bf2 {(01:32)} g4 {(01:05]
} 18. fxg4 {(08:14)} Qg6 {(00:33)} 19. e4 {(02:24)} f3 {
(00:22)} 20. Bg3 {(00:43)} Qxg4 {(01:03)} 21. gxf3 {
(02:29)} Rxf3 {(00:04)} 22. Qc4+ {(00:48)} Kh8 {(
00:10)} 23. Rxf3 {(01:12)} Qxf3 {(00:02)} 24. Qd3 {(01:09]
} Qg4 {(00:16)} 25. Rf1 {(00:40)} Qg5 {(03:18)} 26. Nd5 {
(04:09)} Re8 {(01:35)} 27. b4 {(02:11)} Bd7 {(00:
51)} 28. Nc7 {(06:58)} Rd8 {(00:01)} 29. Rd1 {(00:41)} Bf6
{(00:05)} 30. Qf3 {(01:02)} h5 {(01:36)} 31. h4 {(
04:56)} Qg6 {(00:06)} 32. Rd6 {(00:23)} Kg7 {(00:37)} 33.
Nd5 {(00:48)} Bg4 {(01:05)} 34. Qxf6+ {(00:44)} Qxf6 {
(00:02)} 35. Nxf6 {(00:22)} 1-0

[Event "42nd Olympiad Baku 2016 Open"]
[Site "Baku"]
[Date "2016.09.03"]
[Round "2.39"]
[White "Van Kampen, Robin"]
[Black "Bozinovic, Bogdan"]
[Result "1-0"]
[ECO "B90"]
[WhiteElo "2640"]
[BlackElo "2219"]
[Annotator ""]
[PlyCount "67"]
[EventDate "2016.??.??"]
[EventCountry "AZE"]
[SourceTitle "playchess.com"]
[Source "ChessBase"]
[WhiteTeam "Netherlands"]
[BlackTeam "ICCD"]
[WhiteTeamCountry "NED"]
[BlackTeamCountry "CRO"]
[TimeControl "40/5400+30:1800+30"]

1. e4 {(00:00)} c5 {(00:06)} 2. Nf3 {(00:00)} d6 {(
00:31)} 3. d4 {(00:00)} cxd4 {(00:29)} 4. Nxd4 {(00:00)}
Nf6 {(00:13)} 5. Nc3 {(00:01)} a6 {(00:21)} 6. h3 {
(00:06)} b5 {(01:28)} 7. g4 {(00:40)} e5 {(02:31)}
8. Nf5 {(02:31)} g6 {(01:24)} 9. Ne3 {(02:39)} Bb7 {
(05:43)} 10. Bg2 {(01:23)} Nbd7 {(02:34)} 11. O-O {
(11:08)} Nb6 {(05:18)} 12. a4 {(27:25)} b4 {(12:41]
} 13. a5 {(00:38)} bxc3 {(15:57)} 14. axb6 {(00:29)} cxb2
{(07:56)} 15. Bxb2 {(00:12)} Be7 {(11:43)} 16. Nc4 {
(02:11)} Nd7 {(08:00)} 17. Nxd6+ {(02:11)} Bxd6 {(
01:57)} 18. Qxd6 {(00:09)} Qxb6 {(08:19)} 19. Bxe5 {(05:
33)} Qxd6 {(01:23)} 20. Bxd6 {(00:07)} f6 {(02:27)} 21.
Rfb1 {(00:59)} Bc6 {(00:39)} 22. Bf1 {(00:30)} Kf7 {
(06:28)} 23. Rxa6 {(07:56)} Rxa6 {(01:05)} 24. Bxa6 {
(00:08)} Ke6 {(00:43)} 25. Ba3 {(04:10)} Ra8 {(00:
38)} 26. Bc4+ {(00:23)} Ke5 {(00:09)} 27. Bb2+ {(01:38)}
Kf4 {(00:19)} 28. Re1 {(01:38)} Ra5 {(02:17)} 29. Bc3 {
(08:27)} Ra3 {(00:38)} 30. Bd2+ {(04:10)} Ke5 {(00:
17)} 31. Bb3 {(00:07)} Kd4 {(00:29)} 32. Bb4 {(01:18)} Ra8
{(00:22)} 33. f3 {(00:32)} h5 {(00:41)} 34. Kf2 1-0

[Event "42nd Olympiad Baku 2016 Open"]
[Site "Baku"]
[Date "2016.09.03"]
[Round "2.10"]
[White "Vandenbussche, Thibaut"]
[Black "Yu, Yangyi"]
[Result "0-1"]
[ECO "B50"]
[WhiteElo "2401"]
[BlackElo "2725"]
[Annotator ""]
[PlyCount "82"]
[EventDate "2016.??.??"]
[EventCountry "AZE"]
[SourceTitle "playchess.com"]
[Source "ChessBase"]
[WhiteTeam "Belgium"]
[BlackTeam "China"]
[WhiteTeamCountry "BEL"]
[BlackTeamCountry "CHN"]
[TimeControl "40/5400+30:1800+30"]

1. e4 {(00:00)} c5 {(00:00)} 2. Nf3 {(00:00)} d6 {(
00:00)} 3. c3 {(00:00)} Nf6 {(00:04)} 4. h3 {(00:00)} Nc6
{(01:49)} 5. Bd3 {(00:01)} d5 {(00:50)} 6. exd5 {(
01:17)} Qxd5 {(09:45)} 7. Qe2 {(00:10)} Qe6 {(06:29)} 8.
O-O {(01:53)} Qxe2 {(00:34)} 9. Bxe2 {(00:01)} Bf5 {
(01:46)} 10. d4 {(02:02)} e6 {(00:51)} 11. Be3 {(
09:20)} Nd5 {(01:29)} 12. Nbd2 {(02:11)} O-O-O {(17:47)}
13. Nb3 {(08:36)} cxd4 {(01:00)} 14. Nfxd4 {(04:28)} Nxe3
{(02:40)} 15. fxe3 {(01:12)} Bg6 {(01:22)} 16. Nxc6 {
(11:20)} bxc6 {(00:49)} 17. Nd4 {(00:32)} Kc7 {(07:
00)} 18. Bf3 {(07:34)} Rd6 {(01:31)} 19. e4 {(24:06)} e5 {
(02:58)} 20. Nf5 {(00:08)} Rd2 {(02:29)} 21. b4 {(
02:55)} Bxf5 {(04:29)} 22. exf5 {(00:02)} Be7 {(00:05)}
23. Rfe1 {(04:51)} f6 {(02:32)} 24. Re4 {(00:16)} g6 {
(00:07)} 25. Rc4 {(01:24)} gxf5 {(04:26)} 26. Bxc6 {
(01:58)} Kb8 {(00:38)} 27. Rf1 {(00:21)} f4 {(01:
18)} 28. Be4 {(02:15)} Rxa2 {(05:58)} 29. Rf2 {(04:33)}
Ra3 {(00:07)} 30. Rd2 {(01:31)} Rd8 {(00:11)} 31. Rxd8+ {
(00:29)} Bxd8 {(00:03)} 32. Rc6 {(01:47)} h5 {(02:
43)} 33. Kf1 {(00:57)} Ra2 {(02:19)} 34. Re6 {(03:09)} f5
{(03:40)} 35. Bxf5 {(01:10)} Bh4 {(00:04)} 36. Rd6 {
(02:19)} Rf2+ {(03:53)} 37. Kg1 {(00:31)} Re2 {(00:
04)} 38. Rd1 {(00:09)} e4 {(00:12)} 39. Rf1 {(03:01)} Bg3
{(00:51)} 40. h4 {(00:00)} e3 {(00:00)} 41. Bg6 {(
01:48)} f3 {(02:58)} 0-1

[Event "42nd Olympiad Baku 2016 Open"]
[Site "Baku"]
[Date "2016.09.03"]
[Round "2.16"]
[White "Vazquez Igarza, Renier"]
[Black "Schandorff, Lars"]
[Result "1/2-1/2"]
[ECO "D11"]
[WhiteElo "2580"]
[BlackElo "2515"]
[Annotator ""]
[PlyCount "62"]
[EventDate "2016.??.??"]
[EventCountry "AZE"]
[SourceTitle "playchess.com"]
[Source "ChessBase"]
[WhiteTeam "Spain"]
[BlackTeam "Denmark"]
[WhiteTeamCountry "ESP"]
[BlackTeamCountry "DEN"]
[TimeControl "40/5400+30:1800+30"]

1. d4 {(00:00)} d5 {(00:00)} 2. c4 {(00:00)} c6 {(
00:00)} 3. Nf3 {(00:08)} Nf6 {(00:00)} 4. e3 {(00:17)} e6
{(01:24)} 5. b3 {(02:27)} Nbd7 {(01:00)} 6. Bb2 {(
01:02)} Bd6 {(00:38)} 7. Bd3 {(00:27)} O-O {(01:31)} 8.
O-O {(01:26)} b6 {(01:16)} 9. Nc3 {(08:53)} Bb7 {(
00:39)} 10. Qc2 {(02:55)} Qe7 {(01:40)} 11. Rad1 {(00:36)}
Rfe8 {(03:52)} 12. Rfe1 {(02:02)} Bb4 {(06:30)} 13. Ne5 {
(07:19)} h6 {(04:00)} 14. Nxd7 {(03:27)} Nxd7 {(18:
10)} 15. e4 {(03:06)} dxc4 {(09:00)} 16. Bxc4 {(01:39)} e5
{(11:13)} 17. h3 {(22:35)} Rad8 {(03:27)} 18. Bf1 {
(09:29)} exd4 {(07:22)} 19. Rxd4 {(00:24)} Ne5 {(
00:42)} 20. Rxd8 {(02:36)} Rxd8 {(00:10)} 21. Rd1 {(01:51]
} Ng6 {(03:23)} 22. Rxd8+ {(05:06)} Qxd8 {(00:07)} 23. a3
{(01:30)} Bd6 {(01:31)} 24. Nd1 {(05:27)} c5 {(08:
57)} 25. Ne3 {(03:19)} Be5 {(00:37)} 26. Bxe5 {(05:08)}
Nxe5 {(00:06)} 27. Nc4 {(02:37)} Qd4 {(02:35)} 28. Nxe5 {
(00:44)} Qxe5 {(00:04)} 29. f3 {(01:19)} Qd4+ {(02:
50)} 30. Kh2 {(00:29)} Bc8 {(05:34)} 31. Bc4 {(00:51)}
Qd6+ {(02:59)} 1/2-1/2

[Event "42nd Olympiad Baku 2016 Open"]
[Site "Baku"]
[Date "2016.09.03"]
[Round "2.30"]
[White "Vera Siguenas, Deivy"]
[Black "Barros Rivadeneira, Cristhian"]
[Result "1-0"]
[ECO "B90"]
[WhiteElo "2499"]
[BlackElo "2351"]
[Annotator ""]
[PlyCount "91"]
[EventDate "2016.??.??"]
[EventCountry "AZE"]
[SourceTitle "playchess.com"]
[Source "ChessBase"]
[WhiteTeam "Peru"]
[BlackTeam "Ecuador"]
[WhiteTeamCountry "PER"]
[BlackTeamCountry "ECU"]
[TimeControl "40/5400+30:1800+30"]

1. e4 {(00:00)} c5 {(00:00)} 2. Nf3 {(00:00)} d6 {(
00:04)} 3. d4 {(00:00)} cxd4 {(00:26)} 4. Nxd4 {(00:00)}
Nf6 {(00:17)} 5. Nc3 {(00:00)} a6 {(00:17)} 6. Be3 {
(00:19)} e5 {(00:27)} 7. Nf3 {(00:27)} h6 {(01:27)}
8. Bc4 {(04:36)} Be6 {(00:27)} 9. Bxe6 {(06:40)} fxe6 {
(00:08)} 10. Nh4 {(00:35)} Nc6 {(25:07)} 11. Qe2 {(
10:38)} Qa5 12. O-O {(12:07)} g5 {(27:52)} 13. Ng6 {(04:
19)} Rg8 {(00:08)} 14. Nxf8 {(00:05)} Rxf8 {(00:05)} 15.
a3 {(03:59)} Qc7 {(22:48)} 16. Rad1 {(01:20)} O-O-O {
(04:08)} 17. Na4 {(10:45)} Qh7 {(00:55)} 18. Bb6 {(
00:45)} Qxe4 {(08:08)} 19. Qxe4 {(00:25)} Nxe4 {(00:05)}
20. Bxd8 {(00:05)} Rxd8 {(00:11)} 21. f3 {(11:57)} Nf6 {
(00:12)} 22. Rfe1 {(00:07)} Kd7 {(03:07)} 23. Nc5+ {
(03:02)} Ke7 {(00:07)} 24. Ne4 {(00:07)} Ne8 {(01:
12)} 25. Nf2 {(07:53)} Rc8 {(01:43)} 26. c3 {(02:50)} b5 {
(01:08)} 27. h4 {(00:47)} d5 {(01:52)} 28. Ng4 {(
00:52)} Kd6 {(00:06)} 29. Nxh6 {(00:17)} Rc7 {(01:11)} 30.
hxg5 {(00:11)} Rg7 {(00:08)} 31. g6 {(01:01)} Ke7 {
(00:26)} 32. Ng4 {(05:35)} Kd6 {(00:08)} 33. Nf2 {(
01:08)} Rxg6 {(00:32)} 34. Ne4+ {(00:05)} Ke7 {(00:44)}
35. Nc5 {(00:04)} a5 {(01:05)} 36. Nd3 {(04:48)} Kf6 {
(00:37)} 37. Kf2 {(02:07)} Nd6 {(00:29)} 38. Rh1 {(
00:08)} Nf7 {(00:35)} 39. Rh7 {(01:16)} Rg8 {(00:28)} 40.
Re1 {(00:00)} Rb8 {(00:00)} 41. Nc5 {(04:03)} Kg6 {
(03:21)} 42. Rh4 {(00:31)} b4 {(00:49)} 43. Rg4+ {(
02:04)} Kf5 {(00:07)} 44. axb4 {(02:10)} axb4 {(00:15)}
45. Rh1 {(00:38)} Rd8 {(00:41)} 46. Rh7 {(00:34)} 1-0

[Event "42nd Olympiad Baku 2016 Open"]
[Site "Baku"]
[Date "2016.09.03"]
[Round "2.20"]
[White "Volokitin, Andrei"]
[Black "Ashiku, Franc"]
[Result "1-0"]
[ECO "C76"]
[WhiteElo "2647"]
[BlackElo "2322"]
[Annotator ""]
[PlyCount "81"]
[EventDate "2016.??.??"]
[EventCountry "AZE"]
[SourceTitle "playchess.com"]
[Source "ChessBase"]
[WhiteTeam "Ukraine"]
[BlackTeam "Albania"]
[WhiteTeamCountry "UKR"]
[BlackTeamCountry "ALB"]
[TimeControl "40/5400+30:1800+30"]

1. e4 {(00:00)} e5 {(00:00)} 2. Nf3 {(00:00)} Nc6 {
(00:00)} 3. Bb5 {(00:09)} a6 {(00:20)} 4. Ba4 {(00:
22)} d6 {(00:18)} 5. c3 {(00:35)} Bd7 {(02:52)} 6. d4 {
(00:24)} g6 {(00:50)} 7. Bg5 {(00:34)} f6 {(05:31)}
8. Be3 {(00:24)} Nh6 {(00:15)} 9. h3 {(01:33)} Bg7 {
(00:22)} 10. Nbd2 {(00:19)} Nf7 {(01:33)} 11. Bb3 {
(02:24)} Qe7 {(13:48)} 12. O-O {(15:29)} f5 {(04:
12)} 13. exf5 {(32:00)} gxf5 {(00:18)} 14. Re1 {(02:48)}
Qf6 {(01:27)} 15. dxe5 {(10:19)} dxe5 {(05:43)} 16. Bd5 {
(10:09)} O-O-O {(02:32)} 17. Qb3 {(00:06)} Rdf8 {(
08:11)} 18. Bc5 {(00:50)} Nd6 {(09:11)} 19. Bxd6 {(03:17)}
cxd6 {(12:10)} 20. Nc4 {(00:14)} Kb8 {(06:32)} 21. Rad1 {
(02:47)} Rd8 {(01:47)} 22. Nb6 {(03:15)} Be8 {(00:
46)} 23. Nd4 {(01:06)} exd4 {(04:35)} 24. Rxe8 {(00:08)}
Rhxe8 {(00:18)} 25. Bxc6 {(00:05)} Re2 {(02:31)} 26. Bxb7
{(00:50)} dxc3 {(05:24)} 27. Na4 {(05:10)} Kc7 {(
11:11)} 28. Bxa6 {(02:07)} Rb8 {(00:06)} 29. Qc4+ {(00:09]
} Kd8 {(00:05)} 30. Qxe2 {(00:28)} cxb2 {(00:12)} 31. Nc3
{(00:42)} Qe5 {(01:47)} 32. Nb1 {(05:12)} Qxe2 {(
00:37)} 33. Bxe2 {(00:04)} Ke7 {(00:34)} 34. Bd3 {(00:21)}
Ke6 {(00:29)} 35. Re1+ {(00:17)} Kf6 {(00:11)} 36. a4 {
(01:30)} Ra8 {(00:50)} 37. Bb5 {(00:50)} Bh6 {(00:
14)} 38. Re2 {(00:48)} Bc1 {(00:07)} 39. Rc2 {(00:13)} d5
{(00:36)} 40. Kf1 {(00:00)} d4 {(00:00)} 41. Ke2 1-0

[Event "42nd Olympiad Baku 2016 Open"]
[Site "Baku"]
[Date "2016.09.03"]
[Round "2.3"]
[White "Wagener, Claude"]
[Black "Brunello, Sabino"]
[Result "0-1"]
[ECO "C50"]
[WhiteElo "2295"]
[BlackElo "2568"]
[Annotator ""]
[PlyCount "140"]
[EventDate "2016.??.??"]
[EventCountry "AZE"]
[SourceTitle "playchess.com"]
[Source "ChessBase"]
[WhiteTeam "Luxembourg"]
[BlackTeam "Italy"]
[WhiteTeamCountry "LUX"]
[BlackTeamCountry "ITA"]
[TimeControl "40/5400+30:1800+30"]

1. e4 {(00:00)} e5 {(00:00)} 2. Nf3 {(00:00)} Nc6 {
(00:00)} 3. Bc4 {(00:00)} Bc5 {(00:22)} 4. d3 {(00:
03)} Nf6 {(00:12)} 5. O-O {(00:19)} d6 {(00:30)} 6. c3 {
(00:33)} a6 {(00:21)} 7. Bb3 {(00:22)} Ba7 {(01:10]
} 8. Nbd2 {(00:48)} O-O {(00:10)} 9. h3 {(01:01)} h6 {
(06:56)} 10. Re1 {(01:20)} Re8 {(00:36)} 11. Nf1 {(
03:03)} Be6 {(00:25)} 12. Be3 {(02:18)} Bxb3 {(02:05)} 13.
Qxb3 {(02:56)} Qd7 {(01:42)} 14. Bxa7 {(09:45)} Rxa7 {
(00:10)} 15. Ng3 {(09:05)} Raa8 {(12:52)} 16. Rad1 {
(03:28)} Rad8 {(11:37)} 17. d4 {(13:34)} Qc8 {(06:
18)} 18. Re2 {(16:17)} b5 {(03:18)} 19. dxe5 {(08:01)}
Nxe5 {(09:03)} 20. Nxe5 {(01:07)} dxe5 {(00:51)} 21. Red2
{(04:10)} g6 {(02:19)} 22. Qc2 {(01:02)} Kg7 {(01:
58)} 23. Rxd8 {(03:29)} Rxd8 {(03:42)} 24. Rxd8 {(00:33)}
Qxd8 {(00:02)} 25. Nf1 {(00:11)} Qd6 {(02:02)} 26. Nd2 {
(03:10)} Nd7 {(00:59)} 27. Kf1 {(02:00)} Nc5 {(05:
21)} 28. Ke2 {(01:02)} Qc6 {(02:57)} 29. Kf1 {(01:23)} a5
{(08:30)} 30. Qb1 {(04:46)} a4 {(01:54)} 31. a3 {(
01:59)} Qe6 {(02:40)} 32. Ke2 {(02:19)} Qa6 {(03:34)} 33.
Ke3 {(02:25)} Qf6 {(00:14)} 34. Ke2 {(01:08)} Qg5 {
(02:11)} 35. Qh1 {(02:14)} h5 {(02:04)} 36. g3 {(
00:50)} Qd8 {(04:05)} 37. Qf3 {(00:34)} f6 {(00:25)} 38.
h4 {(00:36)} Kf7 {(01:16)} 39. Qe3 {(00:25)} Qd6 {(
00:18)} 40. f3 {(00:00)} c6 {(00:00)} 41. Kd1 {(08:17)}
Ke7 {(09:08)} 42. Kc2 {(01:24)} Kd7 {(02:42)} 43. Kc1 {
(02:42)} Kc7 {(03:58)} 44. Kc2 {(00:07)} Kb7 {(01:
20)} 45. Kc1 {(00:35)} Ka6 {(02:52)} 46. Kc2 {(00:58)} Qf8
{(03:44)} 47. Kd1 {(02:20)} Ne6 {(00:36)} 48. Qd3 {
(05:30)} Qe7 {(00:22)} 49. Nf1 {(01:07)} g5 {(03:
01)} 50. Ne3 {(00:37)} Nc5 {(01:31)} 51. Qd2 {(00:48)} Nb3
{(00:22)} 52. Qd3 {(01:55)} gxh4 {(00:24)} 53. gxh4 {
(02:09)} Qg7 {(07:17)} 54. Kc2 {(00:32)} Qg3 {(02:
13)} 55. Nd1 {(01:03)} Qh2+ {(01:15)} 56. Kb1 {(00:12)}
Qd2 {(00:07)} 57. Qc2 {(03:32)} Kb6 {(00:52)} 58. Nf2 {
(01:20)} Qe1+ {(00:13)} 59. Nd1 {(00:05)} Qd2 {(01:
39)} 60. Nf2 {(00:07)} Qe1+ {(00:21)} 61. Nd1 {(00:05)}
Qf1 {(00:26)} 62. Ka2 {(01:05)} Qxf3 {(00:25)} 63. Nf2 {
(01:53)} Qe3 {(00:33)} 64. Qd1 {(01:39)} Qxf2 {(00:
47)} 65. Qd8+ {(02:21)} Kc5 {(00:08)} 66. Qe7+ {(00:29)}
Kc4 {(00:12)} 67. Qb4+ {(00:52)} Kd3 {(00:06)} 68. c4 {
(00:24)} Qf1 {(00:52)} 69. Qc3+ {(01:02)} Kxe4 {(
00:17)} 70. Qc2+ {(00:09)} Kf4 {(00:05)} 0-1

[Event "42nd Olympiad Baku 2016 Open"]
[Site "Baku"]
[Date "2016.09.03"]
[Round "2.9"]
[White "Wang, Yue"]
[Black "Winants, Luc"]
[Result "1-0"]
[ECO "E11"]
[WhiteElo "2737"]
[BlackElo "2558"]
[Annotator ""]
[PlyCount "81"]
[EventDate "2016.??.??"]
[EventCountry "AZE"]
[SourceTitle "playchess.com"]
[Source "ChessBase"]
[WhiteTeam "China"]
[BlackTeam "Belgium"]
[WhiteTeamCountry "CHN"]
[BlackTeamCountry "BEL"]
[TimeControl "40/5400+30:1800+30"]

1. d4 {(00:00)} Nf6 {(00:00)} 2. c4 {(00:00)} e6 {(
00:00)} 3. Nf3 {(00:00)} Bb4+ {(00:34)} 4. Nbd2 {(00:17)}
d6 {(02:30)} 5. e3 {(01:09)} c5 {(03:01)} 6. Bd3 {(
01:14)} Nc6 {(01:13)} 7. O-O {(00:29)} O-O {(00:39)} 8.
Nb3 {(04:04)} Na5 {(19:48)} 9. Nxc5 {(12:04)} dxc5 {
(04:50)} 10. a3 {(02:03)} Nc6 {(00:05)} 11. axb4 {(
00:57)} Nxb4 {(00:15)} 12. Bb1 {(02:24)} Nd7 {(18:16)} 13.
Bd2 {(04:54)} Qe7 {(04:40)} 14. dxc5 {(25:18)} Qxc5 {
(00:19)} 15. Ra4 {(00:14)} Nc6 {(04:52)} 16. Qc2 {(
01:41)} Qf5 {(05:11)} 17. Qc3 {(02:34)} Qf6 {(03:58)} 18.
Qxf6 {(05:07)} Nxf6 {(03:23)} 19. b4 {(01:39)} Rd8 {
(01:20)} 20. Bc3 {(10:41)} Bd7 {(04:49)} 21. b5 {(
02:34)} Ne7 {(00:36)} 22. Bxf6 {(00:29)} gxf6 {(00:09)}
23. Be4 {(00:03)} Bc8 {(01:22)} 24. Nd4 {(02:35)} f5 {
(01:50)} 25. Bf3 {(00:02)} e5 {(01:02)} 26. Nb3 {(
00:18)} a6 {(03:36)} 27. Nc5 {(03:07)} e4 {(01:15)} 28.
Bh5 {(00:04)} Rd6 {(01:51)} 29. Rb1 {(02:16)} Kg7 {
(03:58)} 30. Be2 {(01:47)} Ng6 {(01:20)} 31. f4 {(
01:08)} Nf8 {(02:11)} 32. Kf2 {(02:32)} Nd7 {(01:28)} 33.
Nxd7 {(01:19)} Bxd7 {(00:35)} 34. c5 {(00:06)} Rd2 {
(02:20)} 35. Ke1 {(02:09)} Rc2 {(00:12)} 36. c6 {(
00:04)} bxc6 {(00:42)} 37. bxa6 {(00:12)} Be6 {(01:51)}
38. a7 {(02:59)} Ra2 {(00:09)} 39. Rxa2 {(00:04)} Bxa2 {
(00:05)} 40. Rb7 {(00:00)} Kf6 {(00:00)} 41. Kd2 {(
05:04)} 1-0

[Event "42nd Olympiad Baku 2016 Open"]
[Site "Baku"]
[Date "2016.09.03"]
[Round "2.1"]
[White "Wiedenkeller, Michael"]
[Black "Vocaturo, Daniele"]
[Result "0-1"]
[ECO "E49"]
[WhiteElo "2458"]
[BlackElo "2583"]
[Annotator ""]
[PlyCount "118"]
[EventDate "2016.??.??"]
[EventCountry "AZE"]
[SourceTitle "playchess.com"]
[Source "ChessBase"]
[WhiteTeam "Luxembourg"]
[BlackTeam "Italy"]
[WhiteTeamCountry "LUX"]
[BlackTeamCountry "ITA"]
[TimeControl "40/5400+30:1800+30"]

1. d4 {(00:00)} Nf6 {(00:00)} 2. c4 {(00:00)} e6 {(
00:17)} 3. Nc3 {(00:06)} Bb4 {(00:28)} 4. e3 {(01:12)} O-O
{(00:37)} 5. Bd3 {(00:24)} d5 {(01:15)} 6. a3 {(01:
33)} Bxc3+ {(00:39)} 7. bxc3 {(00:10)} dxc4 {(01:19)} 8.
Bxc4 {(00:11)} c5 {(00:43)} 9. Ne2 {(00:56)} Qc7 {(
01:01)} 10. Ba2 {(00:53)} b6 {(02:03)} 11. O-O {(01:21)}
Ba6 {(01:44)} 12. Bb2 {(03:15)} Rd8 {(04:52)} 13. Rc1 {
(02:19)} Nc6 {(02:44)} 14. c4 {(01:40)} cxd4 {(17:
47)} 15. exd4 {(00:20)} Ne5 {(03:43)} 16. Qb3 {(14:11)}
Ng6 {(01:35)} 17. Rfd1 {(06:11)} Ne4 {(02:54)} 18. Ng3 {
(07:37)} Qf4 {(05:07)} 19. Nxe4 {(06:57)} Qxe4 {(
00:05)} 20. Qe3 {(07:58)} Bb7 {(05:31)} 21. Qxe4 {(03:10)}
Bxe4 {(00:07)} 22. f3 {(04:34)} Bb7 {(00:12)} 23. Kf2 {
(01:20)} Rd7 {(00:56)} 24. Bb3 {(02:21)} Ne7 {(03:
07)} 25. Rd2 {(04:54)} Rc8 {(04:56)} 26. a4 {(05:11)} h6 {
(05:20)} 27. Ba3 {(02:01)} Nc6 {(01:57)} 28. d5 {(
02:27)} Na5 {(01:13)} 29. Ba2 {(00:56)} Rcd8 {(04:52)} 30.
Rcd1 {(10:07)} Bc6 {(01:04)} 31. Bb4 {(01:42)} Bxa4 {
(02:08)} 32. dxe6 {(00:43)} Rxd2+ {(00:12)} 33. Rxd2 {
(00:09)} Rxd2+ {(00:13)} 34. Bxd2 {(00:08)} fxe6 {(
00:09)} 35. c5 {(02:02)} Kf7 {(01:25)} 36. cxb6 {(00:40)}
axb6 {(00:04)} 37. f4 {(01:59)} Bc6 {(02:21)} 38. Be3 {
(03:21)} b5 {(01:12)} 39. Bd2 {(00:08)} Nb7 {(01:
12)} 40. Bb4 {(00:00)} Bd5 {(00:00)} 41. Bb1 {(01:26)} Nd8
{(07:11)} 42. g4 {(04:26)} Nc6 {(00:43)} 43. Bc5 {(
01:23)} b4 {(06:17)} 44. Ke3 {(00:41)} b3 {(01:35)} 45.
Ba3 {(08:01)} Bg2 {(06:15)} 46. Bd3 {(01:01)} Ne7 {
(02:29)} 47. Bc4 {(00:58)} Bd5 {(00:31)} 48. Bd3 {(
00:11)} g5 {(03:03)} 49. Bb2 {(01:52)} Ng8 {(01:19)} 50.
Be2 {(02:31)} Nf6 {(01:01)} 51. Bd1 {(00:33)} Nd7 {
(00:57)} 52. Be2 {(02:52)} Nb6 {(03:09)} 53. Bb5 {(
00:35)} Bc4 {(01:05)} 54. Bc6 {(00:31)} Bf1 {(01:04)} 55.
Bc3 {(05:25)} Nc4+ {(01:20)} 56. Kd4 {(08:52)} gxf4 {
(00:28)} 57. Bb5 {(01:28)} e5+ {(02:31)} 58. Kc5 {(
00:18)} f3 {(01:12)} 59. Bxc4+ {(00:48)} Bxc4 {(00:08] Kd4
} 0-1